 Dungeon Crawl Stone Soup version 0.29.0-4-gdea44cf6ec (webtiles) character file.

Game seed: 11186617157325735818

350 qw the Shield-Bearer (level 6, 0/47 HPs)
             Began as a Ghoul Fire Elementalist on Aug 29, 2022.
             Slain by a sky beast (1 damage)
             ... on level 5 of the Dungeon.
             The game lasted 00:06:21 (5511 turns).

qw the Shield-Bearer (Ghoul Fire Elementalist)      Turns: 5511, Time: 00:06:21

Health: 0/47       AC: 14    Str: 14    XL:     6   Next: 60%
Magic:  7/7        EV:  2    Int: 10    God:
Gold:   79         SH: 11    Dex:  9    Spells: 7/8 levels left

rFire   . . .      SeeInvis .     - Unarmed
rCold   + . .      Faith    .   l - +0 tower shield
rNeg    + + +      Spirit   .   j - +0 chain mail
rPois   inf        Reflect  .   a - +0 helmet
rElec   .          Harm     .   c - scarf {repulsion}
rCorr   .          Rampage  +   g - +2 pair of gloves
Will    .....                   d - +1 pair of boots {rampage}
Stlth   ..........              (no amulet)
HPRegen 0.00/turn               (no ring)
MPRegen 0.10/turn               (no ring)

@: inhibited regen, repel missiles
A: claws 1, cold resistance 1, negative energy resistance 3, inhibited
regeneration, torment resistance 2, devour on kill
a: no special abilities


You were on level 5 of the Dungeon.
You visited 1 branch of the dungeon, and saw 5 of its levels.

You collected 179 gold pieces.
You spent 100 gold pieces at shops.


Innate Abilities, Weirdness & Mutations

You are immune to poison.
You have sharp fingernails.
Your flesh is cold resistant. (rC+)
You are immune to negative energy. (rN+++)
You do not regenerate when monsters are visible.
You are immune to unholy pain and torment.
You thrive by killing the living.


   Skills:
 + Level 1.0 Fighting
 - Level 1.5 Armour
 - Level 1.7 Dodging
 - Level 2.1 Stealth
 - Level 4.0 Shields
 - Level 4.0 Unarmed Combat
 - Level 1.7 Spellcasting
 - Level 0.7 Conjurations
 - Level 2.4 Fire Magic


You had 7 spell levels left.
You knew the following spells:

 Your Spells              Type           Power      Damage    Failure   Level
a - Foxfire               Conj/Fire      16%        2x1d4     100%        1

Your spell library contained the following spells:

 Spells                   Type           Power      Damage    Failure   Level
 Scorch                   Fire           10%        2d6       100%        2
 Conjure Flame            Conj/Fire      4%         6-21      100%        3
 Inner Flame              Hex/Fire       3%         N/A       100%        3
 Flame Wave               Conj/Fire      4%         2d5       100%        4

Inventory:

Armour
 a - a +0 helmet (worn)
 c - a scarf of repulsion (worn)
 d - a +1 pair of boots of rampaging (worn)
 g - a +2 pair of gloves (worn)
 j - a +0 chain mail (worn)
 l - a +0 tower shield (worn)
Potions
 b - a potion of heal wounds {unknown}
 e - a potion of cancellation {unknown}
 f - a potion of attraction {unknown}
 i - a potion of lignification {unknown}
 k - a potion of resistance {unknown}
 n - a potion of mutation {unknown}
 o - a potion of haste

Dungeon Overview and Level Annotations

Branches:
Dungeon (5/15)
 Temple: D:4-7

Altars:
Dithmenos
Hepliaklqana

Shops:
D:4 *

Annotations:
D:3 1 runed translucent door, Crazy Yiuf


Message History

You hit the sky beast.
The sky beast is lightly wounded.
The sky beast hits you but does no damage.
You hit the sky beast but do no damage.
The sky beast is lightly wounded.
The sky beast hits you but does no damage.
You barely miss the sky beast.
The sky beast is lightly wounded.
You block the sky beast's attack. x2
You closely miss the sky beast.
The sky beast is lightly wounded.
The sky beast hits you but does no damage.
You hit the sky beast but do no damage.
The sky beast is lightly wounded.
The sky beast flickers out of sight!
Deactivating autopickup; reactivate with Ctrl-A.
Something hits you. Something shocks you.
You hit something.
Something hits you but does no damage. x2
You miss something. You block something's attack.
You miss something. You block something's attack.
You miss something. Something hits you but does no damage.
You block something's attack.
You completely miss something. Something hits you. Something shocks you.
You completely miss something. Something hits you. Something shocks you.
You miss something. Something hits you but does no damage.
You miss something. Something hits you. Something shocks you.
Something hits you but does no damage.
You closely miss something. Something hits you but does no damage.
You hit something. You block something's attack.
You miss something. Something hits you but does no damage. Something hits you.
You die...

###### #....#
#....# #....#
#..@##
##########.{#
#....#..##..##..#
#....#..........#
#....+.#'#......#
#....#.#.#..#####
###..##.....#.#..#
#.....+.....#.#...
+.....#....##.##...


There were no monsters in sight!

Vanquished Creatures
  A phantom (D:3)
  A jelly (D:4)
  Natasha (thrice) (D:3)
  An orc wizard (D:4)
  Robin (D:1)
  4 adders
  3 worms (D:3)
  A dart slug (D:3)
  5 orcs
  9 endoplasms
  3 giant cockroaches
  8 goblins (D:1)
  9 hobgoblins
  2 jackals (D:1)
  11 kobolds
  5 quokkas
  7 ball pythons
  3 bats
  3 frilled lizards
  7 rats
87 creatures vanquished.

Vanquished Creatures (others)
  A plant (D:1)
1 creature vanquished.

Grand Total: 88 creatures vanquished

Notes
Turn   | Place    | Note
-------+----------+-------------------------------------------
     0 | D:1      | qw the Ghoul Fire Elementalist began the quest for the Orb.
     0 | D:1      | Reached XP level 1. HP: 14/14 MP: 2/2
     0 | D:1      | 0 ||| qw: Version: 0.1-a-90-g952f4b7
     0 | D:1      | 0 ||| qw: Game counter: 4191
     0 | D:1      | 0 ||| qw: Always use a shield: true
     0 | D:1      | 0 ||| qw: God list: Okawaru
     0 | D:1      | 0 ||| qw: Allow faded altars: false
     0 | D:1      | 0 ||| qw: Do Orc after D:15 true
     0 | D:1      | 0 ||| qw: Do second Lair branch before Depths: true
     0 | D:1      | 0 ||| qw: Lair rune preference: random
     0 | D:1      | 0 ||| qw: Plans: Normal
     0 | D:1      | 0 ||| PLANNING D:1-11
   171 | D:1      | 171 ||| Stepping ~*~*~tactically~*~*~ (stealth).
   178 | D:1      | Reached skill level 1 in Unarmed Combat
   197 | D:1      | 197 ||| Stepping ~*~*~tactically~*~*~ (stealth).
   204 | D:1      | 204 ||| Stepping ~*~*~tactically~*~*~ (stealth).
   205 | D:1      | 205 ||| Stepping ~*~*~tactically~*~*~ (stealth).
   247 | D:1      | HP: 3/15 [constriction (1)]
   250 | D:1      | Reached skill level 1 in Fighting
   250 | D:1      | Reached XP level 2. HP: 5/23 MP: 3/3
   527 | D:1      | Found a faded altar of an unknown god.
  1473 | D:1      | 1473 ||| Stepping ~*~*~tactically~*~*~ (stealth).
  1476 | D:1      | 1476 ||| Stepping ~*~*~tactically~*~*~ (stealth).
  1479 | D:1      | Reached XP level 3. HP: 28/28 MP: 4/4
  1612 | D:1      | 1612 ||| UPGRADING to +0 pair of gloves.
  1617 | D:1      | 1617 ||| UPGRADING to +0 ring mail.
  1627 | D:1      | 1627 ||| DROPPING +0 robe.
  1628 | D:1      | 1628 ||| UPGRADING to +2 pair of gloves.
  1638 | D:1      | 1638 ||| DROPPING +0 pair of gloves.
  1639 | D:1      | 1639 ||| READING 2 scrolls labelled BOCUEXZ QESI.
  1640 | D:1      | 1640 ||| READING scroll labelled SIZUDW MIETISI.
  1641 | D:1      | 1641 ||| DRINKING 2 sedimented silvery potions.
  1642 | D:1      | 1642 ||| DROPPING potion of magic.
  1643 | D:1      | 1643 ||| DROPPING scroll of immolation.
  1718 | D:2      | Noticed Robin
  1719 | D:2      | 1719 ||| STAIRDANCE
  1725 | D:2      | 1725 ||| STAIRDANCE
  1747 | D:2      | 1747 ||| STAIRDANCE
  1749 | D:1      | 1749 ||| Stepping ~*~*~tactically~*~*~ (outnumbered).
  1750 | D:1      | 1750 ||| Stepping ~*~*~tactically~*~*~ (outnumbered).
  1754 | D:1      | 1754 ||| Stepping ~*~*~tactically~*~*~ (outnumbered).
  1756 | D:1      | 1756 ||| Stepping ~*~*~tactically~*~*~ (outnumbered).
  1759 | D:1      | 1759 ||| Stepping ~*~*~tactically~*~*~ (outnumbered).
  1760 | D:1      | 1760 ||| Stepping ~*~*~tactically~*~*~ (outnumbered).
  1761 | D:1      | 1761 ||| Stepping ~*~*~tactically~*~*~ (outnumbered).
  1762 | D:1      | 1762 ||| Stepping ~*~*~tactically~*~*~ (outnumbered).
  1763 | D:1      | 1763 ||| Stepping ~*~*~tactically~*~*~ (outnumbered).
  1876 | D:2      | 1876 ||| STAIRDANCE
  1891 | D:2      | 1891 ||| STAIRDANCE
  1893 | D:1      | 1893 ||| Stepping ~*~*~tactically~*~*~ (outnumbered).
  1894 | D:1      | 1894 ||| Stepping ~*~*~tactically~*~*~ (outnumbered).
  1895 | D:1      | 1895 ||| Stepping ~*~*~tactically~*~*~ (outnumbered).
  1896 | D:1      | 1896 ||| Stepping ~*~*~tactically~*~*~ (outnumbered).
  1953 | D:2      | 1953 ||| STAIRDANCE
  1981 | D:2      | 1981 ||| STAIRDANCE
  1994 | D:1      | Killed Robin
  1995 | D:1      | Reached skill level 3 in Unarmed Combat
  2073 | D:1      | 2073 ||| UPGRADING to +0 helmet.
  2081 | D:2      | 2081 ||| STAIRDANCE
  2089 | D:2      | 2089 ||| STAIRDANCE
  2099 | D:2      | 2099 ||| STAIRDANCE
  2384 | D:2      | 2384 ||| Stepping ~*~*~tactically~*~*~ (stealth).
  2400 | D:2      | Reached XP level 4. HP: 34/35 MP: 5/5
  2480 | D:2      | 2480 ||| Stepping ~*~*~tactically~*~*~ (stealth).
  2717 | D:2      | 2717 ||| UPGRADING to +0 pair of boots.
  2722 | D:2      | 2722 ||| UPGRADING to +0 chain mail.
  2732 | D:2      | 2732 ||| DROPPING +0 ring mail.
  2733 | D:2      | 2733 ||| READING scroll labelled QOUJUE QEADIWN.
  2734 | D:2      | 2734 ||| READING scroll labelled ORCHOTW CASY.
  2735 | D:2      | 2735 ||| READING scroll labelled GOQE ZAOKU.
  2884 | D:3      | 2884 ||| Stepping ~*~*~tactically~*~*~ (hiding).
  2998 | D:3      | Noticed Natasha
  2999 | D:3      | 2999 ||| Stepping ~*~*~tactically~*~*~ (hiding).
  3005 | D:3      | 3005 ||| Stepping ~*~*~tactically~*~*~ (outnumbered).
  3007 | D:3      | 3007 ||| Stepping ~*~*~tactically~*~*~ (outnumbered).
  3008 | D:3      | 3008 ||| Stepping ~*~*~tactically~*~*~ (outnumbered).
  3010 | D:3      | 3010 ||| Stepping ~*~*~tactically~*~*~ (hiding).
  3021 | D:3      | Killed Natasha
  3022 | D:3      | Reached skill level 1 in Armour
  3246 | D:3      | Identified the +1 robe of Grace {*Slow Str+3 Int+8}
  3272 | D:3      | Found a runed translucent door.
  3273 | D:3      | Noticed Crazy Yiuf
  3394 | D:3      | 3394 ||| UPGRADING to +0 tower shield.
  3402 | D:3      | 3402 ||| READING scroll labelled DEKLOJ FENIKE.
  3402 | D:3      | Identified a scroll of acquirement
  3402 | D:3      | 3402 ||| ACQUIRING scarf of repulsion
  3402 | D:3      | Acquired a scarf of repulsion
  3403 | D:3      | 3403 ||| READING scroll labelled JAOWEU COMOGG.
  3404 | D:3      | 3404 ||| READING scroll labelled ERIOT WIUCHE.
  3406 | D:3      | 3406 ||| UPGRADING to scarf of repulsion.
  3411 | D:3      | 3411 ||| Stepping randomly (stuck).
  3413 | D:3      | 3413 ||| Stepping randomly (stuck).
  3416 | D:3      | 3416 ||| Stepping randomly (stuck).
  3417 | D:3      | 3417 ||| Stepping randomly (stuck).
  3419 | D:3      | 3419 ||| Stepping randomly (stuck).
  3420 | D:3      | 3420 ||| Stepping randomly (stuck).
  3421 | D:3      | 3421 ||| Stepping randomly (stuck).
  3422 | D:3      | 3422 ||| Stepping randomly (stuck).
  3423 | D:3      | 3423 ||| Stepping randomly (stuck).
  3424 | D:3      | 3424 ||| Stepping randomly (stuck).
  3425 | D:3      | 3425 ||| Stepping randomly (stuck).
  3426 | D:3      | 3426 ||| Stepping randomly (stuck).
  3427 | D:3      | 3427 ||| Stepping randomly (stuck).
  3428 | D:3      | 3428 ||| Stepping randomly (stuck).
  3429 | D:3      | 3429 ||| Stepping randomly (stuck).
  3430 | D:3      | 3430 ||| Stepping randomly (stuck).
  3431 | D:3      | 3431 ||| Stepping randomly (stuck).
  3432 | D:3      | 3432 ||| Stepping randomly (stuck).
  3433 | D:3      | 3433 ||| Stepping randomly (stuck).
  3434 | D:3      | 3434 ||| Stepping randomly (stuck).
  3435 | D:3      | 3435 ||| Stepping randomly (stuck).
  3436 | D:3      | 3436 ||| Stepping randomly (stuck).
  3437 | D:3      | 3437 ||| Stepping randomly (stuck).
  3438 | D:3      | 3438 ||| Stepping randomly (stuck).
  3439 | D:3      | 3439 ||| Stepping randomly (stuck).
  3441 | D:3      | 3441 ||| Stepping randomly (stuck).
  3443 | D:3      | 3443 ||| Stepping randomly (stuck).
  3451 | D:3      | 3451 ||| Stepping randomly (stuck).
  3452 | D:3      | 3452 ||| Stepping randomly (stuck).
  3453 | D:3      | 3453 ||| Stepping randomly (stuck).
  3453 | D:3      | Noticed Natasha
  3454 | D:3      | 3454 ||| Stepping randomly (stuck).
  3455 | D:3      | 3455 ||| Stepping randomly (stuck).
  3456 | D:3      | 3456 ||| Stepping randomly (stuck).
  3457 | D:3      | 3457 ||| Stepping randomly (stuck).
  3458 | D:3      | 3458 ||| Stepping randomly (stuck).
  3459 | D:3      | 3459 ||| Stepping randomly (stuck).
  3460 | D:3      | 3460 ||| Stepping randomly (stuck).
  3461 | D:3      | 3461 ||| Stepping randomly (stuck).
  3462 | D:3      | 3462 ||| Stepping randomly (stuck).
  3463 | D:3      | 3463 ||| Stepping randomly (stuck).
  3465 | D:3      | 3465 ||| Stepping randomly (stuck).
  3466 | D:3      | 3466 ||| Stepping randomly (stuck).
  3467 | D:3      | 3467 ||| Stepping randomly (stuck).
  3469 | D:3      | 3469 ||| Stepping randomly (stuck).
  3470 | D:3      | 3470 ||| Stepping randomly (stuck).
  3471 | D:3      | 3471 ||| Stepping randomly (stuck).
  3484 | D:3      | HP: 6/35 [shadow imp[Natasha] (5)]
  3485 | D:3      | Killed Natasha
  3486 | D:3      | Reached skill level 1 in Shields
  3486 | D:3      | Reached XP level 5. HP: 7/40 MP: 6/6
  3580 | D:3      | 3580 ||| Stepping ~*~*~tactically~*~*~ (stealth).
  3737 | D:3      | 3737 ||| Stepping randomly (stuck).
  3738 | D:3      | 3738 ||| Stepping randomly (stuck).
  3741 | D:3      | 3741 ||| Stepping randomly (stuck).
  3743 | D:3      | 3743 ||| Stepping randomly (stuck).
  3744 | D:3      | 3744 ||| Stepping randomly (stuck).
  3745 | D:3      | 3745 ||| Stepping randomly (stuck).
  3746 | D:3      | 3746 ||| Stepping randomly (stuck).
  3747 | D:3      | 3747 ||| Stepping randomly (stuck).
  3748 | D:3      | 3748 ||| Stepping randomly (stuck).
  3749 | D:3      | 3749 ||| Stepping randomly (stuck).
  3750 | D:3      | 3750 ||| Stepping randomly (stuck).
  3751 | D:3      | 3751 ||| Stepping randomly (stuck).
  3757 | D:3      | 3757 ||| Stepping randomly (stuck).
  3758 | D:3      | 3758 ||| Stepping randomly (stuck).
  3759 | D:3      | 3759 ||| Stepping randomly (stuck).
  3760 | D:3      | 3760 ||| Stepping randomly (stuck).
  3955 | D:3      | 3955 ||| Stepping randomly (stuck).
  3956 | D:3      | 3956 ||| Stepping randomly (stuck).
  3957 | D:3      | 3957 ||| Stepping randomly (stuck).
  3958 | D:3      | 3958 ||| Stepping randomly (stuck).
  3959 | D:3      | 3959 ||| Stepping randomly (stuck).
  3960 | D:3      | 3960 ||| Stepping randomly (stuck).
  3969 | D:3      | 3969 ||| Stepping ~*~*~tactically~*~*~ (outnumbered).
  3970 | D:3      | 3970 ||| Stepping ~*~*~tactically~*~*~ (outnumbered).
  3981 | D:3      | Noticed a phantom
  3984 | D:3      | 3984 ||| Stepping randomly (stuck).
  3986 | D:3      | 3986 ||| Stepping randomly (stuck).
  3987 | D:3      | 3987 ||| Stepping randomly (stuck).
  3988 | D:3      | 3988 ||| Stepping randomly (stuck).
  3989 | D:3      | 3989 ||| Stepping randomly (stuck).
  3990 | D:3      | 3990 ||| Stepping randomly (stuck).
  3991 | D:3      | 3991 ||| Stepping randomly (stuck).
  3992 | D:3      | 3992 ||| Stepping randomly (stuck).
  3993 | D:3      | 3993 ||| Stepping randomly (stuck).
  3995 | D:3      | 3995 ||| Stepping randomly (stuck).
  4064 | D:3      | Killed a phantom
  4065 | D:3      | Reached skill level 3 in Shields
  4065 | D:3      | Reached XP level 6. HP: 23/47 MP: 7/7
  4264 | D:3      | Noticed Natasha
  4267 | D:3      | 4267 ||| Stepping randomly (stuck).
  4277 | D:3      | Killed Natasha
  4397 | D:3      | 4397 ||| DROPPING amulet of faith.
  4398 | D:3      | 4398 ||| READING scroll labelled UBEYKK NO MAOZ.
  4643 | D:4      | Found Azumuut's General Store.
  4654 | D:4      | 4654 ||| SHOPLISTING +0 plate armour (230 gold, have 124).
  4654 | D:4      | 4654 ||| BUYING potion of haste (100 gold).
  4654 | D:4      | Bought a potion of haste for 100 gold pieces
  4654 | D:4      | 4654 ||| SHOPLISTING ring of see invisible (150 gold, have
                  | 24).
  4674 | D:4      | 4674 ||| Stepping ~*~*~tactically~*~*~ (stealth).
  4985 | D:4      | 4985 ||| DRINKING potion of curing.
  4985 | D:4      | 4985 ||| (to cure confusion)
  4992 | D:4      | 4992 ||| Stepping ~*~*~tactically~*~*~ (outnumbered).
  4993 | D:4      | 4993 ||| Stepping ~*~*~tactically~*~*~ (outnumbered).
  4997 | D:4      | 4997 ||| Stepping ~*~*~tactically~*~*~ (outnumbered).
  5000 | D:4      | 5000 ||| Stepping ~*~*~tactically~*~*~ (outnumbered).
  5001 | D:4      | 5001 ||| Stepping ~*~*~tactically~*~*~ (outnumbered).
  5385 | D:4      | Found a hazy altar of Hepliaklqana.
  5389 | D:4      | 5389 ||| DROPPING +2 pair of gloves.
  5390 | D:4      | 5390 ||| READING scroll labelled ELAWKO MOIFEDD.
  5405 | D:5      | Entered Level 5 of the Dungeon
  5410 | D:5      | 5410 ||| READING scroll of acquirement.
  5410 | D:5      | 5410 ||| ACQUIRING +1 pair of boots of rampaging
  5410 | D:5      | Acquired a +1 pair of boots of rampaging
  5412 | D:5      | 5412 ||| UPGRADING to +1 pair of boots of rampaging.
  5422 | D:5      | 5422 ||| DROPPING +0 pair of boots.
  5427 | D:5      | Found a shadowy altar of Dithmenos.
  5479 | D:5      | Noticed a sky beast
  5506 | D:5      | HP: 8/47 [something (6)]
  5508 | D:5      | HP: 1/47 [something (6)]
  5511 | D:5      | Slain by a sky beast

Levels and vault maps discovered:
D:1:      dpeg_arrival_snail, layout_loops_corners,
          shapermc_ecumenical_altar_ellora
D:2:      layout_basic, roderic_roman_lattice, uniq_robin
D:3:      layout_rooms, minmay_puff, uniq_natasha, uniq_crazy_yiuf_cottage
D:4:      layout_rooms, nzn_hepliaklqana_mist_gate, serial_shops,
          nicolae_shop_advertising_works [nicolae_subvault_shop_adworks],
          kennysheep_generic_room_11
D:5:      layout_gridville, mainiacjoe_overflow_boulevard,
          mainiacjoe_overflow_surrounded_room, nicolae_shop_overcharged_wands

Skill      XL: |  1  2  3  4  5  6 |
---------------+-------------------+-----
Unarmed Combat | 1 2 3 4 |  4.0
Fighting       | 1 |  1.0
Armour         | 1 |  1.5
Shields        | 1 3 4 |  4.0
Dodging        | |  1.7
Stealth        | |  2.1
Spellcasting   | |  1.7
Conjurations   | |  0.7
Fire Magic     | |  2.4

Action                   |  1- 3 |  4- 6 || total
-------------------------+-------+-------++-------
Melee: Unarmed           |   182 |   333 ||   515
       Punch             |     3 |     1 ||     4
  Use: Scroll            |     2 |     9 ||    11
       Potion            |     1 |     1 ||     2
Armor: Robe              |    10 |       ||    10
       Ring mail         |    56 |     7 ||    63
       Chain mail        |       |   211 ||   211
Dodge: Dodged            |    95 |    44 ||   139
Block: Tower shield      |       |   134 ||   134

Table legend:
 A = Non-vault XP
 B = Vault XP
 C = Vault XP percentage of total XP
 D = Non-vault monster count
 E = Vault monster count
 F = Vault count percentage of total count
                 A         B        C        D         E       F
            +---------+---------+-------+---------+---------+-------
      Total |     284 |     216 |  43.2 |      67 |      20 |  23.0
            +---------+---------+-------+---------+---------+-------
        D:1 |      42 |      32 |  43.2 |      25 |      11 |  30.6
        D:2 |      20 |       0 |   0.0 |      12 |       0 |   0.0
        D:3 |     102 |     170 |  62.5 |      18 |       8 |  30.8
        D:4 |     107 |      14 |  11.6 |      11 |       1 |   8.3
        D:5 |      13 |       0 |   0.0 |       1 |       0 |   0.0
            +---------+---------+-------+---------+---------+-------
